 Dungeon Crawl Stone Soup version 0.18.1-2-ga659475 (webtiles) character file.

10518 magipi the Cleaver (level 11, -13/95 HPs)
             Began as a Ghoul Gladiator on May 7, 2016.
             Was an Elder of Makhleb.
             Mangled by Snorg (17 damage)
             ... on level 11 of the Dungeon on May 8, 2016.
             The game lasted 01:02:48 (8397 turns).

magipi the Cleaver (Ghoul Gladiator)                Turns: 8397, Time: 01:02:48

Health: -13/95     AC: 18    Str: 25    XL:     11   Next: 63%
Magic:  15/15      EV:  7    Int:  9    God:    Makhleb [****..]
Gold:   823        SH:  0    Dex: 11    Spells: 0 memorised, 10 levels left

rFire  + . .     SeeInvis .     a - +1 executioner's axe of the End {chop, Str+5 Int+5}
rCold  + . .     Gourm    .     K - +0 plate armour
rNeg   + + +     Faith    .     (shield currently unavailable)
rPois  ∞         Spirit   .     c - +1 helmet
rElec  .         Dismiss  .     e - +2 cloak
rCorr  .         Reflect  .     t - +1 pair of gloves
SustAt .         Harm     .     (no boots)
MR     .....                    (no amulet)
Stlth  ..........               f - ring of protection from fire
                                h - +5 ring of slaying

@: rotting, not resistant to hostile enchantments, extremely unstealthy
A: rotting body, claws 1, carnivore 3, cold resistance 1, negative energy
resistance 3, slow regeneration 1, torment resistance, unbreathing
a: Minor Destruction, Lesser Servant of Makhleb, Major Destruction, Renounce
Religion


You were on level 11 of the Dungeon.
You worshipped Makhleb.
Makhleb was greatly pleased with you.
You were not hungry.

You visited 2 branches of the dungeon, and saw 12 of its levels.
You also visited: Bailey.

You collected 823 gold pieces.

Notes
Turn   | Place    | Note
--------------------------------------------------------------
     0 | D:1      | magipi the Ghoul Gladiator began the quest for the Orb.
     0 | D:1      | Reached XP level 1. HP: 17/17 MP: 0/0
   364 | D:1      | Reached skill level 3 in Axes
   371 | D:1      | Reached XP level 2. HP: 19/24 MP: 1/1
   821 | D:2      | Reached XP level 3. HP: 28/28 MP: 2/2
  1208 | D:2      | Found a stormy altar of Qazlal.
  1392 | D:3      | Found an iron altar of Okawaru.
  1429 | D:3      | Found a shimmering altar of Xom.
  1548 | D:3      | Found a white marble altar of Elyvilon.
  1561 | D:3      | Found a bloodstained altar of Trog.
  1572 | D:3      | Found a sacrificial altar of Ru.
  1730 | D:3      | Found a sparkling altar of Nemelex Xobeh.
  1776 | D:4      | Reached XP level 4. HP: 36/36 MP: 3/3
  1829 | D:4      | Reached skill level 4 in Axes
  2339 | D:4      | Reached XP level 5. HP: 38/40 MP: 4/4
  2367 | D:5      | Entered Level 5 of the Dungeon
  2447 | D:5      | Noticed an ogre
  2458 | D:5      | Killed an ogre
  2458 | D:5      | Reached skill level 5 in Axes
  2458 | D:5      | Reached XP level 6. HP: 48/48 MP: 5/5
  2465 | D:5      | Found a blossoming altar of Fedhas.
  2748 | D:5      | Found Quwnuec's Antique Weapon Shoppe.
  3073 | D:6      | Noticed Blork the orc
  3100 | D:6      | Reached skill level 6 in Axes
  3100 | D:6      | Reached XP level 7. HP: 53/55 MP: 6/6
  3215 | D:6      | Noticed Sigmund
  3223 | D:6      | Noticed Edmund
  3229 | D:6      | Killed Sigmund
  3233 | D:6      | Reached skill level 7 in Axes
  3236 | D:6      | Killed Edmund
  3236 | D:6      | Reached XP level 8. HP: 49/61 MP: 7/7
  3288 | D:6      | Reached skill level 5 in Throwing
  3436 | D:6      | Reached skill level 8 in Axes
  3532 | D:6      | Noticed Prince Ribbit
  3641 | D:6      | Killed Blork the orc
  3733 | D:6      | Noticed a yak
  3734 | D:6      | Noticed a yak
  3758 | D:6      | Killed a yak
  3973 | D:7      | Reached XP level 9. HP: 71/71 MP: 8/8
  4068 | D:7      | Reached skill level 9 in Axes
  4119 | D:7      | Noticed M4edhros's ghost (novice OpAr)
  4513 | D:7      | Found a staircase to the Ecumenical Temple.
  4522 | Temple   | Entered the Ecumenical Temple
  4529 | Temple   | Became a worshipper of Makhleb the Destroyer
  4548 | D:7      | Reached skill level 5 in Fighting
  4707 | D:7      | Killed M4edhros's ghost
  4707 | D:7      | Reached skill level 10 in Axes
  4985 | D:8      | Reached skill level 1 in Invocations
  4985 | D:8      | Reached skill level 1 in Evocations
  5309 | D:8      | Reached XP level 10. HP: 84/84 MP: 8/10
  5392 | D:8      | Found a snail-covered altar of Cheibriados.
  5502 | D:8      | Reached * piety under Makhleb
  5711 | D:8      | Reached ** piety under Makhleb
  5768 | D:8      | Found a glowing golden altar of the Shining One.
  6422 | D:9      | Found a flagged portal.
  6500 | Bailey   | Entered a bailey
  6518 | Bailey   | Reached *** piety under Makhleb
  6917 | D:9      | Found a basalt altar of Yredelemnul.
  6958 | D:9      | Found a staircase to the Lair.
  7016 | D:9      | Reached skill level 5 in Invocations
  7058 | D:9      | Noticed Erolcha
  7066 | D:10     | Entered Level 10 of the Dungeon
  7180 | D:10     | Noticed a hill giant
  7184 | D:10     | Killed a hill giant
  7184 | D:10     | Reached XP level 11. HP: 95/95 MP: 14/14
  7204 | D:10     | Identified a scroll of acquirement
  7207 | D:10     | Got a slimy executioner's axe
  7208 | D:10     | Identified the +1 executioner's axe of the End {chop, Str+5 Int+5} (You acquired it on level 10 of the Dungeon)
  7343 | D:10     | Reached skill level 5 in Evocations
  7608 | D:10     | Upgraded the game from 0.18.1-1-g2f07953 to 0.18.1-2-ga659475
  7682 | D:10     | Reached **** piety under Makhleb
  7843 | D:10     | Killed an unseen horror
  7843 | D:10     | Reached skill level 1 in Armour
  7858 | D:10     | Noticed Erica
  7859 | D:10     | Noticed Harold
  7878 | D:10     | Killed Erica
  7881 | D:10     | Killed Harold
  8145 | D:11     | Reached ***** piety under Makhleb
  8302 | D:11     | Noticed a cyclops
  8311 | D:11     | Killed a cyclops
  8393 | D:11     | Noticed Snorg
  8397 | D:11     | HP: 4/95 [Snorg (8)]
  8397 | D:11     | Mangled by Snorg

Inventory:

Hand Weapons
 a - the +1 executioner's axe of the End (weapon) {chop, Str+5 Int+5}
   (You acquired it on level 10 of the Dungeon)

   It inflicts extra damage upon your enemies.
   It affects your strength (+5).
   It affects your intelligence (+5).
 b - a +1 war axe
Missiles
 d - 2 throwing nets
 i - 6 javelins
 q - 26 poisoned needles
 C - 4 needles of sleeping
 I - 7 poisoned tomahawks (quivered)
Armour
 c - a +1 helmet (worn)
 e - a +2 cloak (worn)
 t - a +1 pair of gloves (worn)
 w - the -2 hat of the Alchemist {rElec rPois rF+ rC+ rN+ MR+ rMut rCorr}
   (You found it on level 8 of the Dungeon)

   It protects you from fire.
   It protects you from cold.
   It insulates you from electricity.
   It protects you from poison.
   It protects you from negative energy.
   It affects your resistance to hostile enchantments.
   It protects you from acid and corrosion.
   It protects you from mutation.
 K - a +0 plate armour (worn)
Jewellery
 f - a ring of protection from fire (right hand)
 h - a +5 ring of slaying (left hand)
 k - an uncursed ring of wizardry
 v - a +5 ring of strength
 E - an uncursed ring of resist corrosion
Wands
 p - a wand of lightning (10/15)
 u - a wand of hasting (1/9)
 H - a wand of lightning (7/15)
 J - a wand of heal wounds (3/9)
Scrolls
 g - a scroll of fog
 j - 4 scrolls of remove curse
 n - 3 scrolls of recharging
 s - a scroll of magic mapping
 D - a scroll of fear
 G - 3 scrolls of teleportation
Potions
 m - 2 potions of flight
 r - a potion of curing
 z - a potion of berserk rage
 B - a potion of cure mutation
 L - a potion of agility {unknown}
Books
 o - a book of Death

   Spells                             Type                      Level
   a - Corpse Rot                     Necromancy                   2
   b - Sublimation of Blood           Necromancy                   2
   c - Agony                          Necromancy                   5
   d - Dispel Undead                  Necromancy                   5
   e - Excruciating Wounds            Charms/Necromancy            5
   f - Bolt of Draining               Conjuration/Necromancy       5
 x - a book of Maledictions

   Spells                             Type                      Level
   a - Corona                         Hexes                        1
   b - Ensorcelled Hibernation        Hexes/Ice                    2
   c - Confuse                        Hexes                        3
   d - Tukima's Dance                 Hexes                        3
   e - Dazzling Spray                 Conjuration/Hexes            3
 y - a book of Spatial Translocations

   Spells                             Type                      Level
   a - Apportation                    Translocation                1
   b - Blink                          Translocation                2
   c - Shroud of Golubria             Charms/Translocation         2
   d - Portal Projectile              Translocation                3
   e - Teleport Other                 Translocation                3
   f - Passage of Golubria            Translocation                4
Comestibles
 l - a slice of pizza
 A - 4 meat rations
 F - a beef jerky
 M - 4 chunks of flesh


   Skills:
 - Level 8.5 Fighting
 - Level 10.4 Axes
 - Level 5.4 Throwing
 + Level 3.2 Armour
 - Level 2.6 Dodging
 + Level 7.7 Invocations
 + Level 6.5 Evocations


You had 10 spell levels left.
You didn't know any spells.

Dungeon Overview and Level Annotations

Branches:
Dungeon (11/15)            Temple (1/1) D:7            Lair (0/8) D:9
    Orc: D:9-12

Altars:
Ashenzari
Cheibriados
Dithmenos
Elyvilon
Fedhas
Gozag
Kikubaaqudgha
Makhleb
Nemelex Xobeh
Okawaru
Pakellas
Qazlal
Ru
Trog
Vehumet
Xom
Yredelemnul
Zin
The Shining One

Annotations:
D:6 Prince Ribbit
D:9 Erolcha
D:11 Snorg


Innate Abilities, Weirdness & Mutations

Your body is rotting away.
You thrive on raw meat.
You are immune to poison.
You have sharp fingernails.
You are carnivorous and can eat meat at any time.
Your flesh is cold resistant.
You are immune to negative energy.
You regenerate slowly when monsters are visible.
You are immune to unholy pain and torment.
You can survive without breathing.

Vault maps used:
D:1:      dpeg_arrival_houses_and_road, monster_avoids_cloud
D:2:      grunt_qazlal_clouds, first_bread
D:3:      okawaru_trees_2, old_standard_altar, nemelex_deck,
          minmay_overflow_temple_star_quad
D:4:      serial_glass, glass_columns_b, glass_columns_b, glass_columns_b,
          glass_columns_a, glass_columns_c
D:5:      lemuel_crystal_altar, serial_shops, shop, kennysheep_donut
D:6:      kennysheep_six_static_rooms, kennysheep_generic_room_4,
          uniq_blork_the_orc, uniq_edmund, uniq_prince_ribbit1, uniq_sigmund
D:7:      led_sif_pool, kennysheep_generic_room_7
D:8:      hangedman_cross_stitches, slow_altar_2, basic_altar, grunt_ogre_cave
D:9:      lemuel_crystal_altar, lair_0_dummy, enter_bailey_3, hex_tiny,
          uniq_erolcha
D:10:     uniq_erica, uniq_harold
D:11:     uniq_snorg, uniq_nergalle
Temple:   nicolae_temple_no_exploring_needed
Bailey:   bailey_polearm_5, bailey


Message History

The kobold shouts! x5
The kobold throws a stone.
The stone hits you but does no damage.
The kobold throws a stone.
The stone hits you but does no damage. The kobold closely misses you.
There is an open door here.
You see here a stone.
You slice the kobold!!
You kill the kobold!
Makhleb accepts your kill.
You closely miss the kobold.
Unknown command.
You barely miss the kobold. You closely miss the kobold.
The kobold hits you with a whip. The kobold hits you but does no damage.
The kobold barely misses you. The kobold completely misses you.
Unknown command.
You slice the kobold!!
You kill the kobold!
Makhleb accepts your kill.
You feel better.
You miss the kobold.
The kobold throws a stone.
The stone hits you but does no damage.
The kobold throws a stone.
The stone hits you but does no damage. The kobold hits you but does no damage.
The kobold throws a stone.
The stone hits you but does no damage.
You barely miss the kobold. The kobold closely misses you.
The big kobold hits you but does no damage.
The kobold hits you but does no damage.
Unknown command.
You slice the big kobold!!
The big kobold is almost dead.
You slash the kobold!
You kill the kobold!
Makhleb accepts your kill.
You slash the kobold!
You kill the kobold!
Makhleb accepts your kill.
The big kobold hits you but does no damage.
The kobold closely misses you. The kobold hits you but does no damage.
Unknown command.
You closely miss the big kobold.
The big kobold is almost dead.
You closely miss the kobold. You slice the kobold!!
You kill the kobold!
Makhleb accepts your kill.
The big kobold hits you but does no damage.
The kobold hits you but does no damage.
The big kobold hits you but does no damage.
You hit the big kobold.
You kill the big kobold!
Makhleb accepts your kill.
You slice the kobold!!
You kill the kobold!
Makhleb accepts your kill.
Unknown command.
No target in view!
Unknown command.
No target in view!
Unknown command.
Items here: ( ) †† a short sword; 4 stones; a kobold corpse x2
Items here: ( ))) a short sword; a whip; a stone; a short sword
Items here: ( )) †† a short sword; a club; 5 stones; a kobold corpse x2
You open the door.
There is an open door here.
You open the door.
Found a scale mail and a falchion.
Found a stone staircase leading up.
An adder comes into view.
Snorg the Insatiable comes into view.
Snorg shouts!
There is an open door here.
You slice Snorg!!
Snorg is moderately wounded.
Snorg bites you but does no damage. Snorg claws you but does no damage. x2
Snorg goes berserk!
Unknown command.
A demon appears!
You feel slightly more hungry. The adder bites you but does no damage.
Snorg bites you!!
Snorg claws you but does no damage. x2; The adder barely misses you.
Unknown command.
You slice Snorg!!
Snorg is heavily wounded.
You slash the adder!
The adder is almost dead.
Snorg bites you!
Snorg claws you! x2; The adder barely misses you.
Snorg bites you but does no damage. Snorg claws you but does no damage. x2
Your ynoxinul misses the adder.
A demon appears!
You feel slightly more hungry.
You can no longer summon a greater servant of Makhleb.
Snorg bites you but does no damage. Snorg claws you!
* * * LOW HITPOINT WARNING * * *
Snorg claws you!
* * * LOW HITPOINT WARNING * * *
The adder bites you but does no damage.
Your ynoxinul gestures.
Snorg bites you.
* * * LOW HITPOINT WARNING * * *
Snorg claws you!
* * * LOW HITPOINT WARNING * * *
Snorg claws you!
You die...

#..........#
+..........#
#..).......#
#.5..5.....+
#[..<......#
#...3.3....#
#..5ST.....# #@# #.##
####+### #..#
#......####### ##'#####
#......'.....###).....#
#......#####..(().....#
#......# #####).....#
#......# #......+
#......# #......#


You could see Snorg (berserk), an adder, a friendly neqoxec, a friendly ynoxinul
and 3 friendly ufetubi.

Vanquished Creatures
  An unseen horror (D:10)
  A hill giant (D:10)
  A cyclops (D:11)
  The ghost of M4edhros the Covert, a novice OpAr of Cheibriados (D:7)
  2 trolls
  A yak (D:6)
  Sigmund (D:6)
  A hungry ghost (D:9)
  A hippogriff (D:7)
  A steam dragon (D:10)
  A basilisk (D:11)
  Edmund (D:6)
  A water moccasin (D:8)
  2 orc warriors
  3 black bears
  3 ice beasts
  3 sky beasts
  An eye of draining (D:9)
  A wasp (D:11)
  3 ogres
  A necrophage (D:8)
  2 centaurs (D:10)
  Blork the orc (D:6)
  20 big kobolds
  10 giant frogs
  A scorpion (D:10)
  17 killer bees
  7 wights
  7 howler monkeys
  2 giant frog zombies (D:6)
  5 crimson imps
  2 giant frog skeletons
  6 hounds
  5 jellies
  3 orc priests
  7 orc wizards
  2 centaur skeletons
  4 iguanas
  6 worker ants
  A hound zombie (D:6)
  A mummy (D:8)
  A worker ant zombie (D:10)
  11 adders
  3 shadow imps (D:6)
  2 oozes
  3 adder skeletons
  2 dart slugs
  4 giant geckos
  23 orcs
  4 giant cockroaches
  12 goblins
  7 hobgoblins
  17 jackals
  6 quokkas
  6 bats
  A giant gecko zombie (D:8)
  4 giant newts
  19 kobolds
  5 rats
270 creatures vanquished.

Vanquished Creatures (collateral kills)
  Harold (D:10)
1 creature vanquished.

Vanquished Creatures (others)
  Erica (D:10)
  A goblin (D:1)
2 creatures vanquished.

Grand Total: 273 creatures vanquished

Action                   |  1- 3 |  4- 6 |  7- 9 | 10-12 || total
-------------------------+-------+-------+-------+-------++-------
Melee: War axe           |   131 |    82 |   251 |   236 ||   700
       Executioner's axe |       |       |       |   211 ||   211
Throw: Throwing net      |     1 |     1 |     4 |     1 ||     7
       Javelin           |       |     5 |     3 |    11 ||    19
       Tomahawk          |       |       |       |     1 ||     1
Invok: Lesser Servant of |       |       |       |     3 ||     3
Evoke: Wand              |       |       |     1 |     2 ||     3
  Use: Scroll            |     3 |    13 |     5 |     7 ||    28
       Potion            |       |       |     9 |     5 ||    14
 Stab: Held in net/web   |       |       |     1 |       ||     1
  Eat: Chunk             |     8 |    11 |    21 |    31 ||    71
       Beef jerky        |       |       |     1 |       ||     1
Armor: Leather armour    |    12 |       |       |       ||    12
       Ring mail         |    39 |    48 |   106 |       ||   193
       Chain mail        |       |       |    36 |   198 ||   234
       Plate armour      |       |       |       |   152 ||   152
Dodge: Dodged            |    80 |    54 |   136 |   240 ||   510

Action                   |  1- 3 |  4- 6 |  7- 9 | 10-12 || total
-------------------------+-------+-------+-------+-------++-------
Melee: War axe           |   131 |    82 |   251 |   236 ||   700
       Executioner's axe |       |       |       |   211 ||   211
Throw: Throwing net      |     1 |     1 |     4 |     1 ||     7
       Javelin           |       |     5 |     3 |    11 ||    19
       Tomahawk          |       |       |       |     1 ||     1
Invok: Lesser Servant of |       |       |       |     3 ||     3
Evoke: Wand              |       |       |     1 |     2 ||     3
  Use: Scroll            |     3 |    13 |     5 |     7 ||    28
       Potion            |       |       |     9 |     5 ||    14
 Stab: Held in net/web   |       |       |     1 |       ||     1
  Eat: Chunk             |     8 |    11 |    21 |    31 ||    71
       Beef jerky        |       |       |     1 |       ||     1
Armor: Leather armour    |    12 |       |       |       ||    12
       Ring mail         |    39 |    48 |   106 |       ||   193
       Chain mail        |       |       |    36 |   198 ||   234
       Plate armour      |       |       |       |   152 ||   152
Dodge: Dodged            |    80 |    54 |   136 |   240 ||   510
